[ AOE2 MATCH · #481434183 ]
Team RMMongols vs Persians
[ REPLAY ANALYSIS · EXTRACTED FROM THE RECORDED GAME ]
Feudal
13:49
Castle
20:34
Imperial
44:13
| APM avg | 27.6 |
| APM peak | 76 |
| eAPM avg | 17.6 |
| Villagers / military | 104 / 37 |
Focus
⚔️ 19.4% · 🌾 80.6%
Spearman ×20 · Mangudai ×7 · Battering Ram ×5 · Mangonel ×4 · Scout Cavalry ×1
Feudal
12:58
Castle
18:52
Imperial
—
| APM avg | 24.9 |
| APM peak | 73 |
| eAPM avg | 12.3 |
| Villagers / military | 56 / 33 |
Focus
⚔️ 21.3% · 🌾 78.7%
Genoese Crossbowman ×25 · Battering Ram ×4 · Petard ×3 · Mangonel ×1
Feudal
13:03
Castle
17:04
Imperial
33:40
| APM avg | 27.9 |
| APM peak | 61 |
| eAPM avg | 19.4 |
| Villagers / military | 214 / 112 |
Focus
⚔️ 26.6% · 🌾 73.4%
Longbowman ×104 · Trebuchet (Packed) ×7 · Mangonel ×1
Feudal
12:56
Castle
19:00
Imperial
35:28
| APM avg | 18.0 |
| APM peak | 36 |
| eAPM avg | 13.8 |
| Villagers / military | 155 / 163 |
Focus
⚔️ 30.1% · 🌾 69.9%
Skirmisher ×103 · Knight ×44 · Spearman ×6 · War Elephant ×6 · Bombard Cannon ×4
Feudal
11:49
Castle
15:23
Imperial
31:40
| APM avg | 32.0 |
| APM peak | 94 |
| eAPM avg | 18.7 |
| Villagers / military | 187 / 111 |
Focus
⚔️ 34.2% · 🌾 65.8%
Scout Cavalry ×81 · Skirmisher ×27 · Unknown (1920) ×12 · Trebuchet (Packed) ×2 · Monk ×1
Feudal
13:03
Castle
17:25
Imperial
24:18
| APM avg | 36.2 |
| APM peak | 76 |
| eAPM avg | 14.6 |
| Villagers / military | 121 / 92 |
Focus
⚔️ 19.8% · 🌾 80.2%
Hand Cannoneer ×76 · Bombard Cannon ×14 · Monk ×1 · Mangonel ×1
Feudal
14:04
Castle
19:31
Imperial
36:15
| APM avg | 22.9 |
| APM peak | 74 |
| eAPM avg | 15.5 |
| Villagers / military | 210 / 30 |
Focus
⚔️ 13.5% · 🌾 86.5%
Knight ×20 · Konnik ×6 · Petard ×3 · Monk ×1
Feudal
12:31
Castle
17:14
Imperial
30:25
| APM avg | 21.1 |
| APM peak | 42 |
| eAPM avg | 13.8 |
| Villagers / military | 138 / 90 |
Focus
⚔️ 26.8% · 🌾 73.2%
Spearman ×37 · War Elephant ×35 · Trade Cart ×7 · Camel Scout ×7 · Battering Ram ×4 · Trebuchet (Packed) ×4
Match map
Initial resources + every placement click. Lines = walls · curves = elevation contours. ◆ gold · ⬟ stone · ● berries · ✦ relic · ◌ wall gap
Your base· ✓ Closed at 20:34 · 18t walls · 2 gate(s)
thomas shelby's base· ✓ Closed at 18:52 · 14t walls · 1 gate(s)
dl_king's base· ✓ Closed at 17:04 · 39t walls · no gate
ILLusi0n's base· ✓ Closed at 19:00 · 0t walls · no gate
Yoryi's base· ✓ Closed at 15:23 · 0t walls · no gate
Can's base· ✓ Closed at 17:25 · 0t walls · no gate
PL-Maciej's base· ✓ Closed at 19:31 · 16t walls · no gate
LordWhile's base· ✓ Closed at 17:14 · 0t walls · no gate
Smoothed initial terrain · ◌ = detected wall gap · hover for details
Inputs per minute
— Pineapple - - thomas shelby
Build order — Pineapple
First 150 of 278 actions detected
| 0:02 | Create | Villager (Male) |
| 0:02 | Create | Villager (Male) |
| 0:02 | Create | Villager (Male) |
| 0:03 | Build | House |
| 0:05 | Build | House |
| 0:25 | Research | Loom |
| 0:26 | Create | Villager (Male) |
| 0:26 | Create | Villager (Male) |
| 1:15 | Create | Villager (Male) |
| 1:46 | Create | Villager (Male) |
| 2:39 | Create | Villager (Male) |
| 3:24 | Create | Villager (Male) |
| 3:25 | Create | Villager (Male) |
| 3:56 | Create | Villager (Male) |
| 4:06 | Build | House |
| 4:08 | Build | House |
| 4:10 | Build | House |
| 4:13 | Build | Palisade Wall |
| 4:14 | Build | Palisade Gate |
| 5:03 | Create | Villager (Male) |
| 5:09 | Create | Villager (Male) |
| 5:54 | Create | Villager (Male) |
| 6:09 | Build | House |
| 6:21 | Build | House |
| 6:34 | Build | Lumber Camp |
| 6:34 | Create | Villager (Male) |
| 6:35 | Create | Villager (Male) |
| 6:35 | Create | Villager (Male) |
| 6:48 | Build | Palisade Wall |
| 6:59 | Build | Palisade Wall |
| 7:09 | Create | Villager (Male) |
| 8:36 | Create | Villager (Male) |
| 8:37 | Create | Villager (Male) |
| 8:47 | Build | House |
| 9:06 | Build | Mill |
| 9:21 | Build | House |
| 9:24 | Build | House |
| 9:27 | Create | Villager (Male) |
| 9:46 | Create | Villager (Male) |
| 10:00 | Create | Villager (Male) |
| 10:05 | Build | Mill |
| 10:46 | Create | Villager (Male) |
| 11:04 | Create | Villager (Male) |
| 11:39 | Research | Feudal Age |
| 12:16 | Build | House |
| 13:49 | Age | Feudal Age |
| 13:49 | Build | Barracks |
| 13:52 | Create | Villager (Male) |
| 13:52 | Create | Villager (Male) |
| 13:57 | Build | Stone Wall |
| 13:59 | Build | Gate |
| 14:15 | Create | Villager (Male) |
| 14:20 | Research | Double-Bit Axe |
| 14:31 | Create | Villager (Male) |
| 14:53 | Build | Lumber Camp |
| 14:59 | Build | Stable |
| 15:05 | Build | Blacksmith |
| 15:24 | Build | Lumber Camp |
| 15:25 | Create | Villager (Male) |
| 15:50 | Create | Villager (Male) |
| 16:09 | Build | Mining Camp |
| 16:32 | Create | Villager (Male) |
| 16:39 | Create | Villager (Male) |
| 17:00 | Build | Mining Camp |
| 17:26 | Create | Villager (Male) |
| 17:54 | Research | Castle Age |
| 18:06 | Research | Stone Mining |
| 18:13 | Build | Farm |
| 18:14 | Build | Farm |
| 18:16 | Research | Horse Collar |
| 18:19 | Build | Farm |
| 18:19 | Build | Farm |
| 18:24 | Build | Farm |
| 18:24 | Build | Farm |
| 18:28 | Build | Farm |
| 18:28 | Build | Farm |
| 18:40 | Build | House |
| 18:43 | Build | House |
| 18:45 | Build | House |
| 18:46 | Build | House |
| 19:19 | Build | Farm |
| 19:19 | Build | Farm |
| 19:20 | Build | Farm |
| 19:55 | Build | House |
| 19:56 | Build | House |
| 19:58 | Build | House |
| 20:03 | Research | Wheelbarrow |
| 20:20 | Build | Stone Wall |
| 20:21 | Build | Gate |
| 20:34 | Age | Castle Age |
| 20:38 | Create | Villager (Male) |
| 20:47 | Build | Stone Wall |
| 20:49 | Build | Gate |
| 20:56 | Build | Farm |
| 20:56 | Build | Farm |
| 20:57 | Build | Farm |
| 21:18 | Create | Villager (Male) |
| 21:22 | Build | Town Center |
| 21:38 | Build | Gate |
| 21:41 | Build | Stone Wall |
| 21:49 | Create | Villager (Male) |
| 21:54 | Research | Bow Saw |
| 22:00 | Build | Town Center |
| 22:12 | Build | Gate |
| 22:29 | Research | Gold Mining |
| 22:46 | Build | Farm |
| 22:46 | Build | Farm |
| 22:47 | Build | Farm |
| 22:48 | Build | Farm |
| 23:11 | Build | Stone Wall |
| 23:13 | Build | Gate |
| 23:26 | Create | Villager (Male) |
| 23:35 | Create | Spearman |
| 23:53 | Build | Gate |
| 24:01 | Create | Villager (Male) |
| 24:01 | Create | Villager (Male) |
| 24:02 | Create | Villager (Male) |
| 24:03 | Create | Villager (Male) |
| 24:04 | Create | Villager (Male) |
| 24:15 | Create | Spearman |
| 24:18 | Create | Spearman |
| 24:29 | Build | Castle |
| 25:01 | Research | Man-at-Arms (upgrade) |
| 25:04 | Research | Squires |
| 25:36 | Create | Villager (Male) |
| 25:37 | Create | Villager (Male) |
| 25:37 | Create | Villager (Male) |
| 25:37 | Create | Villager (Male) |
| 25:50 | Create | Spearman |
| 25:51 | Create | Spearman |
| 26:04 | Create | Villager (Male) |
| 26:04 | Create | Villager (Male) |
| 26:38 | Build | Castle |
| 26:47 | Create | Scout Cavalry |
| 26:56 | Build | Castle |
| 27:06 | Create | Villager (Male) |
| 27:07 | Create | Villager (Male) |
| 27:20 | Build | Siege Workshop |
| 27:42 | Research | Fletching |
| 27:53 | Create | Villager (Male) |
| 27:53 | Create | Villager (Male) |
| 27:53 | Create | Villager (Male) |
| 27:53 | Create | Villager (Male) |
| 28:01 | Build | Farm |
| 28:01 | Build | Farm |
| 28:16 | Create | Villager (Male) |
| 28:26 | Create | Villager (Male) |
| 28:33 | Build | Farm |
| 28:34 | Build | Farm |
| 29:18 | Create | Battering Ram |
Build order — thomas shelby
First 150 of 156 actions detected
| 0:15 | Build | House |
| 0:16 | Build | House |
| 0:17 | Create | Villager (Male) |
| 0:36 | Create | Villager (Male) |
| 0:45 | Create | Villager (Male) |
| 1:03 | Research | Loom |
| 1:04 | Create | Villager (Male) |
| 1:23 | Create | Villager (Male) |
| 2:15 | Create | Villager (Male) |
| 2:27 | Build | House |
| 2:41 | Create | Villager (Male) |
| 3:28 | Create | Villager (Male) |
| 3:49 | Build | Palisade Wall |
| 4:15 | Create | Villager (Male) |
| 4:59 | Create | Villager (Male) |
| 5:38 | Create | Villager (Male) |
| 5:53 | Create | Villager (Male) |
| 6:14 | Build | Palisade Wall |
| 6:20 | Build | Lumber Camp |
| 6:30 | Create | Villager (Male) |
| 7:14 | Create | Villager (Male) |
| 7:58 | Create | Villager (Male) |
| 8:11 | Create | Villager (Male) |
| 8:50 | Create | Villager (Male) |
| 8:59 | Create | Villager (Male) |
| 9:06 | Build | House |
| 9:40 | Create | Villager (Male) |
| 9:53 | Build | Mill |
| 10:20 | Create | Villager (Male) |
| 10:28 | Build | Palisade Gate |
| 10:34 | Build | Palisade Wall |
| 10:48 | Research | Feudal Age |
| 12:07 | Build | Mining Camp |
| 12:14 | Build | House |
| 12:17 | Create | Villager (Male) |
| 12:58 | Age | Feudal Age |
| 13:20 | Build | Blacksmith |
| 13:34 | Create | Villager (Male) |
| 14:01 | Create | Villager (Male) |
| 14:14 | Build | Market |
| 14:27 | Create | Villager (Male) |
| 14:49 | Build | House |
| 14:59 | Build | Farm |
| 15:00 | Build | Farm |
| 15:01 | Build | Farm |
| 15:17 | Build | Mining Camp |
| 15:20 | Create | Villager (Male) |
| 15:47 | Create | Villager (Male) |
| 16:06 | Build | Lumber Camp |
| 16:11 | Research | Castle Age |
| 17:05 | Build | Farm |
| 17:30 | Research | Double-Bit Axe |
| 17:44 | Build | Farm |
| 18:08 | Build | Farm |
| 18:34 | Research | Horse Collar |
| 18:52 | Age | Castle Age |
| 18:57 | Create | Villager (Male) |
| 19:08 | Research | Bow Saw |
| 19:25 | Create | Villager (Male) |
| 19:49 | Build | Castle |
| 20:04 | Research | Wheelbarrow |
| 20:10 | Research | Fletching |
| 20:20 | Build | Palisade Wall |
| 20:25 | Build | Palisade Wall |
| 21:03 | Research | Gold Mining |
| 21:08 | Research | Town Watch |
| 21:22 | Create | Petard |
| 21:33 | Research | Padded Archer Armor |
| 21:45 | Create | Villager (Male) |
| 22:05 | Create | Genoese Crossbowman |
| 22:06 | Create | Genoese Crossbowman |
| 22:06 | Create | Genoese Crossbowman |
| 22:07 | Create | Genoese Crossbowman |
| 22:23 | Create | Petard |
| 22:27 | Build | Siege Workshop |
| 22:53 | Create | Villager (Male) |
| 22:56 | Build | Farm |
| 22:57 | Build | Farm |
| 22:57 | Build | Farm |
| 22:58 | Build | Farm |
| 23:05 | Create | Villager (Male) |
| 23:11 | Create | Genoese Crossbowman |
| 23:13 | Create | Petard |
| 23:20 | Create | Mangonel |
| 24:01 | Create | Villager (Male) |
| 24:06 | Create | Genoese Crossbowman |
| 24:07 | Create | Genoese Crossbowman |
| 24:07 | Create | Genoese Crossbowman |
| 24:42 | Create | Villager (Male) |
| 24:46 | Research | Bodkin Arrow |
| 24:49 | Create | Genoese Crossbowman |
| 24:50 | Create | Genoese Crossbowman |
| 25:01 | Create | Villager (Male) |
| 25:24 | Build | Stone Wall |
| 25:30 | Create | Villager (Male) |
| 25:49 | Build | Mining Camp |
| 25:50 | Create | Villager (Male) |
| 25:57 | Create | Genoese Crossbowman |
| 25:58 | Create | Genoese Crossbowman |
| 25:58 | Create | Genoese Crossbowman |
| 26:18 | Build | Castle |
| 26:41 | Create | Genoese Crossbowman |
| 26:41 | Create | Genoese Crossbowman |
| 26:51 | Create | Battering Ram |
| 27:17 | Create | Villager (Male) |
| 27:36 | Create | Villager (Male) |
| 27:52 | Research | Heavy Plow |
| 28:41 | Create | Genoese Crossbowman |
| 28:41 | Create | Genoese Crossbowman |
| 28:53 | Create | Villager (Male) |
| 28:54 | Create | Villager (Male) |
| 29:01 | Build | Farm |
| 29:02 | Build | Farm |
| 29:03 | Build | Farm |
| 29:04 | Build | Farm |
| 29:06 | Build | Farm |
| 29:08 | Create | Villager (Male) |
| 29:08 | Create | Villager (Male) |
| 29:27 | Create | Battering Ram |
| 29:50 | Build | Mining Camp |
| 29:58 | Create | Villager (Male) |
| 30:07 | Create | Genoese Crossbowman |
| 30:08 | Create | Genoese Crossbowman |
| 30:45 | Create | Villager (Male) |
| 30:45 | Create | Villager (Male) |
| 31:02 | Create | Genoese Crossbowman |
| 31:02 | Create | Genoese Crossbowman |
| 31:02 | Create | Genoese Crossbowman |
| 31:18 | Create | Battering Ram |
| 31:28 | Create | Villager (Male) |
| 31:28 | Create | Villager (Male) |
| 32:26 | Create | Villager (Male) |
| 32:27 | Create | Villager (Male) |
| 32:38 | Research | Leather Archer Armor |
| 32:42 | Build | University |
| 32:48 | Create | Villager (Male) |
| 32:48 | Create | Villager (Male) |
| 33:07 | Create | Villager (Male) |
| 33:07 | Create | Villager (Male) |
| 33:14 | Create | Battering Ram |
| 33:41 | Create | Villager (Male) |
| 33:45 | Build | Mining Camp |
| 33:50 | Create | Villager (Male) |
| 34:58 | Build | Mining Camp |
| 35:25 | Create | Villager (Male) |
| 35:29 | Research | Ballistics |
| 35:40 | Research | Imperial Age |
| 35:45 | Build | House |
| 35:45 | Build | House |
| 35:45 | Build | House |
Build order — dl_king
First 150 of 462 actions detected
| 0:02 | Create | Villager (Male) |
| 0:02 | Create | Villager (Male) |
| 0:02 | Create | Villager (Male) |
| 0:03 | Create | Villager (Male) |
| 0:03 | Create | Villager (Male) |
| 0:03 | Create | Villager (Male) |
| 0:04 | Build | House |
| 0:06 | Build | House |
| 0:57 | Research | Loom |
| 0:58 | Create | Villager (Male) |
| 0:58 | Create | Villager (Male) |
| 0:58 | Create | Villager (Male) |
| 1:37 | Create | Villager (Male) |
| 1:37 | Create | Villager (Male) |
| 1:59 | Build | Palisade Wall |
| 2:07 | Create | Villager (Male) |
| 2:07 | Create | Villager (Male) |
| 3:25 | Create | Villager (Male) |
| 3:25 | Create | Villager (Male) |
| 3:25 | Create | Villager (Male) |
| 3:25 | Create | Villager (Male) |
| 3:26 | Create | Villager (Male) |
| 4:25 | Create | Villager (Male) |
| 4:25 | Create | Villager (Male) |
| 4:25 | Create | Villager (Male) |
| 5:07 | Create | Villager (Male) |
| 5:07 | Create | Villager (Male) |
| 5:08 | Create | Villager (Male) |
| 5:25 | Build | Lumber Camp |
| 5:35 | Create | Villager (Male) |
| 5:35 | Create | Villager (Male) |
| 5:36 | Create | Villager (Male) |
| 6:02 | Create | Villager (Male) |
| 6:02 | Create | Villager (Male) |
| 6:44 | Build | House |
| 7:17 | Create | Villager (Male) |
| 7:18 | Create | Villager (Male) |
| 7:18 | Create | Villager (Male) |
| 7:18 | Create | Villager (Male) |
| 7:18 | Create | Villager (Male) |
| 7:18 | Create | Villager (Male) |
| 7:19 | Create | Villager (Male) |
| 8:04 | Create | Villager (Male) |
| 8:04 | Create | Villager (Male) |
| 8:04 | Create | Villager (Male) |
| 8:04 | Create | Villager (Male) |
| 8:05 | Create | Villager (Male) |
| 8:05 | Create | Villager (Male) |
| 8:13 | Build | House |
| 8:14 | Build | House |
| 9:02 | Create | Villager (Male) |
| 9:02 | Create | Villager (Male) |
| 9:03 | Create | Villager (Male) |
| 10:13 | Build | Mill |
| 10:30 | Create | Villager (Male) |
| 10:50 | Research | Feudal Age |
| 11:44 | Create | Villager (Male) |
| 11:44 | Create | Villager (Male) |
| 11:44 | Create | Villager (Male) |
| 12:11 | Build | Mining Camp |
| 13:03 | Age | Feudal Age |
| 13:10 | Build | Market |
| 13:13 | Build | Blacksmith |
| 13:23 | Build | Stone Wall |
| 13:25 | Build | Stone Wall |
| 14:24 | Research | Castle Age |
| 14:42 | Build | Stone Wall |
| 14:43 | Build | Stone Wall |
| 14:46 | Build | Stone Wall |
| 14:47 | Build | Stone Wall |
| 14:49 | Build | Stone Wall |
| 15:04 | Build | Lumber Camp |
| 15:23 | Research | Double-Bit Axe |
| 15:27 | Research | Stone Mining |
| 15:29 | Research | Horse Collar |
| 15:31 | Research | Wheelbarrow |
| 15:31 | Research | Wheelbarrow |
| 16:36 | Build | House |
| 16:41 | Build | Outpost |
| 17:04 | Age | Castle Age |
| 17:11 | Build | Town Center |
| 17:25 | Build | Town Center |
| 17:45 | Create | Villager (Male) |
| 17:59 | Build | Town Center |
| 18:09 | Build | Farm |
| 18:10 | Build | Farm |
| 18:11 | Build | Farm |
| 18:12 | Build | Farm |
| 18:13 | Build | Farm |
| 18:20 | Build | Farm |
| 18:22 | Build | Farm |
| 18:29 | Build | Farm |
| 18:32 | Create | Villager (Male) |
| 18:42 | Create | Villager (Male) |
| 18:43 | Create | Villager (Male) |
| 18:44 | Create | Villager (Male) |
| 18:44 | Create | Villager (Male) |
| 18:45 | Create | Villager (Male) |
| 18:59 | Build | Farm |
| 19:10 | Create | Villager (Male) |
| 19:10 | Create | Villager (Male) |
| 19:10 | Create | Villager (Male) |
| 19:14 | Build | Farm |
| 19:20 | Create | Villager (Male) |
| 19:20 | Create | Villager (Male) |
| 19:20 | Create | Villager (Male) |
| 19:27 | Build | Lumber Camp |
| 19:29 | Create | Villager (Male) |
| 19:29 | Create | Villager (Male) |
| 19:29 | Create | Villager (Male) |
| 19:37 | Build | Farm |
| 19:42 | Build | Farm |
| 19:48 | Create | Villager (Male) |
| 19:49 | Create | Villager (Male) |
| 19:49 | Create | Villager (Male) |
| 19:55 | Create | Villager (Male) |
| 19:55 | Create | Villager (Male) |
| 19:56 | Create | Villager (Male) |
| 19:58 | Build | Farm |
| 19:58 | Build | Farm |
| 20:03 | Create | Villager (Male) |
| 20:03 | Create | Villager (Male) |
| 20:04 | Create | Villager (Male) |
| 20:04 | Create | Villager (Male) |
| 20:05 | Create | Villager (Male) |
| 20:12 | Create | Villager (Male) |
| 20:13 | Create | Villager (Male) |
| 20:13 | Create | Villager (Male) |
| 20:25 | Create | Villager (Male) |
| 20:26 | Create | Villager (Male) |
| 20:26 | Create | Villager (Male) |
| 20:33 | Build | House |
| 20:35 | Build | House |
| 20:40 | Create | Villager (Male) |
| 20:40 | Create | Villager (Male) |
| 20:41 | Create | Villager (Male) |
| 20:41 | Create | Villager (Male) |
| 20:41 | Create | Villager (Male) |
| 20:45 | Build | Farm |
| 20:46 | Build | Farm |
| 20:50 | Create | Villager (Male) |
| 20:50 | Create | Villager (Male) |
| 20:50 | Create | Villager (Male) |
| 21:00 | Create | Villager (Male) |
| 21:01 | Create | Villager (Male) |
| 21:01 | Create | Villager (Male) |
| 21:15 | Create | Villager (Male) |
| 21:15 | Create | Villager (Male) |
| 21:16 | Create | Villager (Male) |
| 21:16 | Create | Villager (Male) |
Build order — ILLusi0n
First 150 of 288 actions detected
| 0:02 | Create | Villager (Male) |
| 0:03 | Create | Villager (Male) |
| 0:03 | Create | Villager (Male) |
| 0:03 | Create | Villager (Male) |
| 0:03 | Create | Villager (Male) |
| 0:03 | Create | Villager (Male) |
| 0:04 | Research | Loom |
| 0:14 | Build | House |
| 1:47 | Create | Villager (Male) |
| 1:49 | Research | Loom |
| 2:05 | Build | House |
| 2:06 | Build | House |
| 2:07 | Build | House |
| 2:07 | Build | House |
| 2:19 | Build | Mill |
| 2:43 | Create | Villager (Male) ×2 |
| 2:43 | Create | Villager (Male) ×2 |
| 3:17 | Create | Villager (Male) ×2 |
| 3:17 | Create | Villager (Male) ×2 |
| 3:17 | Create | Villager (Male) ×2 |
| 3:25 | Create | Villager (Male) |
| 3:26 | Create | Villager (Male) |
| 3:49 | Create | Villager (Male) |
| 3:49 | Create | Villager (Male) |
| 4:38 | Create | Villager (Male) ×2 |
| 4:38 | Create | Villager (Male) ×2 |
| 4:38 | Create | Villager (Male) ×2 |
| 5:35 | Create | Villager (Male) ×3 |
| 5:50 | Create | Villager (Male) ×2 |
| 6:01 | Build | Lumber Camp |
| 6:32 | Create | Villager (Male) ×2 |
| 8:09 | Create | Villager (Male) ×3 |
| 8:09 | Create | Villager (Male) ×3 |
| 8:36 | Build | Mill |
| 9:07 | Create | Villager (Male) ×5 |
| 9:07 | Create | Villager (Male) ×5 |
| 9:07 | Create | Villager (Male) ×2 |
| 9:27 | Build | Barracks |
| 9:38 | Build | House |
| 10:30 | Build | Mining Camp |
| 10:37 | Research | Feudal Age |
| 11:09 | Build | House |
| 11:10 | Build | House |
| 11:48 | Build | Lumber Camp |
| 11:51 | Create | Villager (Male) |
| 11:52 | Create | Villager (Male) |
| 12:14 | Build | Farm |
| 12:15 | Build | Farm |
| 12:15 | Build | Farm |
| 12:15 | Build | Farm |
| 12:16 | Build | Farm |
| 12:16 | Build | Farm |
| 12:29 | Build | Lumber Camp |
| 12:56 | Age | Feudal Age |
| 12:59 | Research | Horse Collar |
| 13:01 | Research | Double-Bit Axe |
| 13:27 | Build | Farm |
| 13:27 | Build | Farm |
| 13:28 | Build | Farm |
| 13:29 | Build | Farm |
| 13:31 | Build | Farm |
| 13:32 | Build | Farm |
| 13:51 | Build | Farm |
| 13:53 | Create | Villager (Male) |
| 13:53 | Create | Villager (Male) |
| 14:18 | Build | Farm |
| 14:18 | Build | Farm |
| 14:19 | Build | Farm |
| 14:49 | Build | Farm |
| 14:50 | Build | Farm |
| 14:56 | Build | Blacksmith |
| 15:11 | Create | Villager (Male) |
| 15:12 | Create | Villager (Male) |
| 15:52 | Build | Stable |
| 16:12 | Research | Gold Mining |
| 16:34 | Research | Castle Age |
| 16:56 | Build | Market |
| 17:20 | Build | Farm |
| 17:20 | Build | Farm |
| 17:20 | Build | Farm |
| 17:20 | Build | Farm |
| 18:03 | Research | Scale Barding Armor |
| 18:28 | Build | Mining Camp |
| 18:44 | Research | Wheelbarrow |
| 19:00 | Age | Castle Age |
| 19:05 | Research | Heavy Plow |
| 19:07 | Research | Bow Saw |
| 19:14 | Build | Town Center |
| 19:23 | Create | Villager (Male) |
| 19:27 | Research | Forging |
| 19:46 | Build | Stable |
| 19:51 | Create | Knight ×4 |
| 19:58 | Create | Villager (Male) ×5 |
| 19:58 | Create | Villager (Male) ×5 |
| 20:36 | Create | Knight |
| 20:36 | Create | Knight |
| 20:36 | Create | Knight |
| 20:44 | Create | Villager (Male) |
| 20:57 | Create | Villager (Male) |
| 21:14 | Research | Stone Mining |
| 21:16 | Create | Villager (Male) |
| 21:33 | Build | Town Center |
| 21:42 | Create | Villager (Male) ×2 |
| 21:42 | Create | Villager (Male) ×2 |
| 21:42 | Create | Villager (Male) ×2 |
| 21:50 | Build | Town Center |
| 21:57 | Create | Villager (Male) ×3 |
| 22:41 | Build | House |
| 22:41 | Build | House |
| 22:58 | Build | Town Center |
| 23:16 | Create | Knight ×2 |
| 23:16 | Create | Knight ×2 |
| 23:38 | Research | Iron Casting |
| 24:06 | Create | Villager (Male) ×5 |
| 24:06 | Create | Villager (Male) ×5 |
| 24:06 | Create | Villager (Male) ×5 |
| 25:22 | Create | Villager (Male) ×5 |
| 25:22 | Create | Villager (Male) ×5 |
| 25:23 | Create | Villager (Male) |
| 25:57 | Create | Villager (Male) ×4 |
| 26:04 | Create | Knight |
| 26:04 | Create | Knight |
| 26:21 | Build | House |
| 26:22 | Build | House |
| 26:22 | Build | House |
| 26:22 | Build | House |
| 26:23 | Build | House |
| 26:23 | Build | House |
| 26:23 | Build | House |
| 26:24 | Build | House |
| 26:24 | Build | House |
| 26:24 | Build | House |
| 26:25 | Build | House |
| 26:25 | Build | House |
| 26:25 | Build | House |
| 26:25 | Build | House |
| 26:25 | Build | House |
| 26:56 | Create | Knight |
| 26:56 | Create | Knight |
| 26:56 | Create | Knight |
| 26:56 | Create | Knight |
| 27:24 | Create | Knight |
| 27:24 | Create | Knight |
| 27:24 | Create | Knight |
| 27:35 | Research | Pikeman (upgrade) |
| 27:36 | Create | Spearman |
| 27:47 | Build | Barracks |
| 27:48 | Build | Barracks |
| 27:49 | Build | Barracks |
| 28:06 | Create | Knight |
Build order — Yoryi
First 150 of 446 actions detected
| 0:01 | Create | Villager (Male) |
| 0:01 | Create | Villager (Male) |
| 0:01 | Create | Villager (Male) |
| 0:02 | Build | House |
| 0:04 | Build | House |
| 0:15 | Create | Villager (Male) |
| 0:15 | Create | Villager (Male) |
| 1:23 | Create | Villager (Male) |
| 1:51 | Create | Villager (Male) |
| 1:54 | Build | Lumber Camp |
| 2:25 | Create | Villager (Male) |
| 2:34 | Create | Villager (Male) |
| 3:19 | Create | Villager (Male) |
| 3:19 | Create | Villager (Male) |
| 3:19 | Create | Villager (Male) |
| 3:45 | Create | Villager (Male) |
| 3:49 | Build | House |
| 4:22 | Build | Mill |
| 4:35 | Create | Villager (Male) |
| 4:35 | Create | Villager (Male) |
| 4:35 | Create | Villager (Male) |
| 4:48 | Create | Villager (Male) |
| 4:49 | Create | Villager (Male) |
| 5:02 | Create | Villager (Male) |
| 5:30 | Create | Villager (Male) |
| 5:30 | Create | Villager (Male) |
| 5:57 | Build | House |
| 6:04 | Create | Villager (Male) |
| 6:11 | Create | Villager (Male) |
| 6:11 | Create | Villager (Male) |
| 6:21 | Build | Mining Camp |
| 6:41 | Create | Villager (Male) |
| 7:10 | Create | Villager (Male) |
| 7:11 | Create | Villager (Male) |
| 7:29 | Create | Villager (Male) |
| 7:29 | Create | Villager (Male) |
| 7:29 | Create | Villager (Male) |
| 7:30 | Create | Villager (Male) |
| 7:30 | Create | Villager (Male) |
| 8:01 | Create | Villager (Male) |
| 8:01 | Create | Villager (Male) |
| 8:24 | Build | House |
| 8:42 | Create | Villager (Male) |
| 8:43 | Create | Villager (Male) |
| 9:13 | Research | Loom |
| 9:13 | Research | Feudal Age |
| 9:30 | Build | Pasture |
| 9:38 | Build | Pasture |
| 11:11 | Create | Villager (Male) |
| 11:11 | Create | Villager (Male) |
| 11:23 | Build | Pasture |
| 11:49 | Age | Feudal Age |
| 11:53 | Build | Market |
| 11:57 | Build | Blacksmith |
| 12:17 | Build | Mining Camp |
| 12:43 | Research | Castle Age |
| 13:15 | Research | Double-Bit Axe |
| 13:16 | Research | Tech 1014 |
| 13:52 | Build | House |
| 13:53 | Build | House |
| 13:55 | Build | House |
| 13:59 | Create | Villager (Male) |
| 13:59 | Create | Villager (Male) |
| 14:13 | Research | Gold Mining |
| 15:03 | Build | House |
| 15:23 | Age | Castle Age |
| 15:32 | Build | Town Center |
| 15:39 | Create | Villager (Male) |
| 15:48 | Create | Villager (Male) |
| 15:53 | Build | House |
| 15:54 | Build | House |
| 15:59 | Create | Villager (Male) |
| 16:21 | Research | Bow Saw |
| 16:27 | Create | Villager (Male) |
| 16:51 | Create | Villager (Male) |
| 16:51 | Create | Villager (Male) |
| 16:51 | Create | Villager (Male) |
| 16:58 | Build | House |
| 17:01 | Create | Villager (Male) |
| 17:08 | Create | Villager (Male) |
| 17:08 | Create | Villager (Male) |
| 17:31 | Build | Town Center |
| 17:32 | Create | Villager (Male) |
| 17:36 | Create | Villager (Male) |
| 17:36 | Create | Villager (Male) |
| 17:54 | Build | Pasture |
| 17:58 | Build | Pasture |
| 18:07 | Create | Villager (Male) |
| 18:11 | Build | House |
| 18:14 | Build | House |
| 18:27 | Create | Villager (Male) |
| 18:27 | Create | Villager (Male) |
| 18:30 | Build | Pasture |
| 18:42 | Create | Villager (Male) |
| 18:57 | Build | Pasture |
| 19:03 | Create | Villager (Male) |
| 19:08 | Build | Pasture |
| 19:13 | Create | Villager (Male) |
| 19:13 | Create | Villager (Male) |
| 19:18 | Build | House |
| 19:33 | Create | Villager (Male) |
| 19:38 | Build | Pasture |
| 19:41 | Create | Villager (Male) |
| 19:49 | Build | Pasture |
| 19:58 | Build | Pasture |
| 20:00 | Create | Villager (Male) |
| 20:00 | Create | Villager (Male) |
| 20:07 | Build | House |
| 20:09 | Create | Villager (Male) |
| 20:10 | Create | Villager (Male) |
| 20:16 | Build | Pasture |
| 20:19 | Create | Villager (Male) |
| 20:23 | Create | Villager (Male) |
| 20:29 | Build | Pasture |
| 20:30 | Create | Villager (Male) |
| 20:38 | Build | Pasture |
| 20:41 | Build | Pasture |
| 20:44 | Create | Villager (Male) |
| 20:44 | Create | Villager (Male) |
| 20:49 | Build | Pasture |
| 20:52 | Create | Villager (Male) |
| 21:01 | Build | Pasture |
| 21:04 | Create | Villager (Male) |
| 21:04 | Create | Villager (Male) |
| 21:08 | Build | House |
| 21:11 | Create | Villager (Male) |
| 21:12 | Create | Villager (Male) |
| 21:21 | Build | Pasture |
| 21:24 | Create | Villager (Male) |
| 21:25 | Create | Villager (Male) |
| 21:25 | Create | Villager (Male) |
| 21:30 | Build | Pasture |
| 21:37 | Build | Pasture |
| 21:40 | Create | Villager (Male) |
| 21:40 | Create | Villager (Male) |
| 21:40 | Create | Villager (Male) |
| 21:44 | Build | House |
| 21:45 | Build | House |
| 21:47 | Build | House |
| 21:49 | Create | Villager (Male) |
| 21:49 | Create | Villager (Male) |
| 21:56 | Create | Villager (Male) |
| 21:58 | Create | Villager (Male) |
| 22:01 | Create | Villager (Male) |
| 22:16 | Create | Villager (Male) |
| 22:16 | Create | Villager (Male) |
| 22:16 | Create | Villager (Male) |
| 22:17 | Create | Villager (Male) |
| 22:23 | Create | Villager (Male) |
| 22:28 | Create | Villager (Male) |
Build order — Can
First 150 of 286 actions detected
| 0:04 | Build | House |
| 0:05 | Build | House |
| 0:10 | Build | House |
| 0:11 | Create | Villager (Male) ×4 |
| 1:57 | Create | Villager (Male) |
| 2:23 | Create | Villager (Male) |
| 2:29 | Build | Lumber Camp |
| 2:39 | Create | Villager (Male) |
| 2:40 | Create | Villager (Male) |
| 2:50 | Create | Villager (Male) |
| 3:17 | Create | Villager (Male) |
| 3:46 | Create | Villager (Male) |
| 3:55 | Research | Loom |
| 4:07 | Create | Villager (Male) |
| 4:08 | Create | Villager (Male) |
| 4:50 | Create | Villager (Male) |
| 6:00 | Create | Villager (Male) |
| 6:26 | Create | Villager (Male) |
| 6:48 | Create | Villager (Male) |
| 7:08 | Create | Villager (Male) |
| 7:08 | Create | Villager (Male) |
| 7:29 | Build | House |
| 7:52 | Create | Villager (Male) |
| 7:52 | Create | Villager (Male) |
| 7:58 | Build | House |
| 7:59 | Build | House |
| 8:32 | Create | Villager (Male) |
| 8:44 | Create | Villager (Male) |
| 8:44 | Create | Villager (Male) |
| 9:33 | Build | Mill |
| 10:09 | Create | Villager (Male) |
| 10:33 | Build | Mining Camp |
| 10:48 | Research | Feudal Age |
| 11:02 | Build | Farm |
| 11:03 | Build | Farm |
| 11:04 | Build | Farm |
| 11:08 | Build | Farm |
| 11:10 | Build | Farm |
| 11:28 | Build | Farm |
| 11:54 | Build | Farm |
| 12:08 | Build | Lumber Camp |
| 13:00 | Create | Villager (Male) |
| 13:00 | Create | Villager (Male) |
| 13:00 | Create | Villager (Male) |
| 13:00 | Create | Villager (Male) |
| 13:03 | Age | Feudal Age |
| 13:33 | Build | Market |
| 13:37 | Build | Blacksmith |
| 14:45 | Research | Castle Age |
| 14:45 | Research | Castle Age |
| 15:03 | Build | House |
| 15:05 | Build | House |
| 15:06 | Build | House |
| 15:07 | Build | House |
| 15:13 | Research | Horse Collar |
| 15:16 | Research | Double-Bit Axe |
| 15:34 | Create | Villager (Male) |
| 15:34 | Create | Villager (Male) |
| 15:35 | Create | Villager (Male) |
| 15:47 | Build | Mill |
| 17:00 | Create | Villager (Male) |
| 17:00 | Create | Villager (Male) |
| 17:25 | Age | Castle Age |
| 17:28 | Build | Monastery |
| 17:38 | Build | Town Center |
| 17:53 | Build | Farm |
| 18:03 | Research | Bow Saw |
| 18:05 | Research | Heavy Plow |
| 18:31 | Create | Monk |
| 18:42 | Build | Farm |
| 18:44 | Build | Farm |
| 19:02 | Research | Wheelbarrow |
| 19:09 | Build | Farm |
| 19:15 | Create | Villager (Male) |
| 19:34 | Build | Siege Workshop |
| 19:49 | Create | Villager (Male) |
| 19:51 | Build | Farm |
| 20:18 | Build | Farm |
| 20:20 | Create | Villager (Male) |
| 20:28 | Build | House |
| 20:42 | Create | Villager (Male) |
| 20:44 | Build | Farm |
| 20:48 | Build | Farm |
| 21:08 | Research | Imperial Age |
| 21:48 | Create | Villager (Male) |
| 21:48 | Create | Villager (Male) |
| 22:09 | Build | Barracks |
| 22:31 | Create | Mangonel |
| 22:48 | Create | Villager (Male) |
| 22:49 | Create | Villager (Male) |
| 22:50 | Build | Farm |
| 22:51 | Build | Farm |
| 23:17 | Build | Archery Range |
| 24:18 | Age | Imperial Age |
| 24:21 | Build | Palisade Wall |
| 24:22 | Build | Palisade Wall |
| 24:27 | Create | Hand Cannoneer |
| 24:27 | Create | Hand Cannoneer |
| 24:30 | Create | Villager (Male) |
| 24:31 | Create | Villager (Male) |
| 24:39 | Build | Gate |
| 24:45 | Create | Hand Cannoneer |
| 24:45 | Create | Hand Cannoneer |
| 24:52 | Create | Villager (Male) |
| 24:52 | Create | Villager (Male) |
| 24:53 | Create | Villager (Male) |
| 24:53 | Create | Villager (Male) |
| 24:53 | Create | Villager (Male) |
| 25:07 | Build | Archery Range |
| 25:14 | Create | Hand Cannoneer |
| 25:15 | Create | Hand Cannoneer |
| 25:15 | Create | Hand Cannoneer |
| 25:27 | Build | Stone Wall |
| 25:27 | Build | Stone Wall |
| 25:27 | Build | Stone Wall |
| 25:33 | Create | Villager (Male) |
| 25:35 | Build | Farm |
| 25:51 | Build | Farm |
| 26:01 | Create | Villager (Male) |
| 26:01 | Create | Villager (Male) |
| 26:01 | Create | Villager (Male) |
| 26:19 | Create | Bombard Cannon |
| 26:46 | Create | Hand Cannoneer |
| 26:46 | Create | Hand Cannoneer |
| 27:36 | Create | Hand Cannoneer ×5 |
| 27:36 | Create | Hand Cannoneer ×5 |
| 27:41 | Create | Villager (Male) |
| 27:42 | Create | Villager (Male) |
| 27:42 | Create | Villager (Male) |
| 27:42 | Create | Villager (Male) |
| 27:49 | Build | Mining Camp |
| 27:53 | Create | Bombard Cannon |
| 28:33 | Create | Villager (Male) |
| 28:33 | Create | Villager (Male) |
| 28:33 | Create | Villager (Male) |
| 28:37 | Build | House |
| 28:37 | Build | House |
| 28:38 | Build | House |
| 28:38 | Build | House |
| 28:38 | Build | House |
| 28:39 | Build | House |
| 29:14 | Create | Hand Cannoneer ×5 |
| 29:14 | Create | Hand Cannoneer ×5 |
| 29:19 | Build | House |
| 29:19 | Build | House |
| 29:19 | Build | House |
| 29:20 | Build | House |
| 29:20 | Build | House |
| 29:21 | Build | House |
| 29:21 | Build | House |
Build order — PL-Maciej
First 150 of 382 actions detected
| 0:06 | Create | Villager (Male) |
| 0:06 | Create | Villager (Male) |
| 0:06 | Create | Villager (Male) |
| 0:06 | Create | Villager (Male) |
| 0:08 | Build | House |
| 0:10 | Build | House |
| 1:39 | Create | Villager (Male) |
| 1:39 | Create | Villager (Male) |
| 1:39 | Create | Villager (Male) |
| 1:39 | Create | Villager (Male) |
| 1:59 | Build | Lumber Camp |
| 2:00 | Create | Villager (Male) |
| 2:00 | Create | Villager (Male) |
| 2:34 | Research | Loom |
| 3:05 | Create | Villager (Male) |
| 3:05 | Create | Villager (Male) |
| 3:05 | Create | Villager (Male) |
| 3:05 | Create | Villager (Male) |
| 3:05 | Create | Villager (Male) |
| 3:40 | Create | Villager (Male) |
| 3:40 | Create | Villager (Male) |
| 3:41 | Create | Villager (Male) |
| 3:41 | Create | Villager (Male) |
| 3:41 | Create | Villager (Male) |
| 3:58 | Create | Villager (Male) |
| 3:58 | Create | Villager (Male) |
| 3:58 | Create | Villager (Male) |
| 3:58 | Create | Villager (Male) |
| 5:07 | Create | Villager (Male) |
| 5:07 | Create | Villager (Male) |
| 5:21 | Create | Villager (Male) |
| 5:21 | Create | Villager (Male) |
| 5:21 | Create | Villager (Male) |
| 5:21 | Create | Villager (Male) |
| 5:51 | Build | Palisade Wall |
| 5:53 | Create | Villager (Male) |
| 5:53 | Create | Villager (Male) |
| 5:53 | Create | Villager (Male) |
| 5:53 | Create | Villager (Male) |
| 5:53 | Create | Villager (Male) |
| 6:05 | Build | House |
| 6:28 | Create | Villager (Male) |
| 6:28 | Create | Villager (Male) |
| 6:28 | Create | Villager (Male) |
| 6:42 | Create | Villager (Male) |
| 6:42 | Create | Villager (Male) |
| 6:42 | Create | Villager (Male) |
| 6:42 | Create | Villager (Male) |
| 8:08 | Create | Villager (Male) |
| 8:08 | Create | Villager (Male) |
| 8:08 | Create | Villager (Male) |
| 8:08 | Create | Villager (Male) |
| 8:08 | Create | Villager (Male) |
| 8:35 | Build | House |
| 8:58 | Build | Mill |
| 9:19 | Create | Villager (Male) |
| 9:43 | Create | Villager (Male) |
| 9:59 | Build | Mill |
| 10:02 | Create | Villager (Male) |
| 10:13 | Build | House |
| 10:23 | Create | Villager (Male) |
| 10:37 | Research | Feudal Age |
| 10:45 | Build | Mining Camp |
| 10:46 | Create | Villager (Male) |
| 10:53 | Build | House |
| 11:13 | Create | Villager (Male) |
| 11:54 | Research | Feudal Age |
| 12:01 | Build | Lumber Camp |
| 14:04 | Age | Feudal Age |
| 14:11 | Build | Market |
| 14:16 | Build | Blacksmith |
| 14:17 | Create | Villager (Male) |
| 14:19 | Create | Villager (Male) |
| 14:53 | Build | Farm |
| 15:00 | Create | Villager (Male) |
| 15:03 | Build | Farm |
| 15:04 | Build | Farm |
| 15:09 | Build | Farm |
| 15:18 | Build | Farm |
| 15:19 | Build | Farm |
| 15:19 | Build | Farm |
| 15:19 | Build | Farm |
| 15:20 | Build | Farm |
| 15:20 | Build | Farm |
| 15:30 | Create | Villager (Male) |
| 15:59 | Build | Outpost |
| 16:10 | Build | Farm |
| 16:46 | Research | Double-Bit Axe |
| 16:51 | Research | Castle Age |
| 17:10 | Research | Horse Collar |
| 19:25 | Build | Outpost |
| 19:31 | Age | Castle Age |
| 19:32 | Create | Villager (Male) |
| 19:32 | Create | Villager (Male) |
| 19:34 | Research | Bow Saw |
| 19:39 | Build | Town Center |
| 19:46 | Build | Town Center |
| 20:06 | Research | Heavy Plow |
| 20:13 | Build | Town Center |
| 20:33 | Build | Town Center |
| 20:38 | Research | Wheelbarrow |
| 21:13 | Build | Town Center |
| 21:23 | Create | Villager (Male) |
| 21:23 | Create | Villager (Male) |
| 21:41 | Create | Villager (Male) |
| 21:47 | Build | Monastery |
| 21:57 | Create | Villager (Male) |
| 22:01 | Create | Villager (Male) |
| 22:01 | Create | Villager (Male) |
| 22:08 | Create | Villager (Male) |
| 22:31 | Build | Farm |
| 22:31 | Build | Farm |
| 22:32 | Build | Farm |
| 22:32 | Build | Farm |
| 22:32 | Build | Farm |
| 22:33 | Build | Farm |
| 22:43 | Build | Farm |
| 22:44 | Build | Farm |
| 22:44 | Build | Farm |
| 22:44 | Build | Farm |
| 22:45 | Build | Farm |
| 22:45 | Build | Farm |
| 23:04 | Create | Villager (Male) |
| 23:04 | Create | Villager (Male) |
| 23:04 | Create | Villager (Male) |
| 23:04 | Create | Villager (Male) |
| 23:04 | Create | Villager (Male) |
| 23:24 | Build | Farm |
| 23:24 | Build | Farm |
| 23:24 | Build | Farm |
| 23:25 | Build | Farm |
| 23:25 | Build | Farm |
| 23:25 | Build | Farm |
| 23:26 | Build | Farm |
| 23:31 | Create | Villager (Male) |
| 23:31 | Create | Villager (Male) |
| 23:31 | Create | Villager (Male) |
| 23:32 | Create | Villager (Male) |
| 23:32 | Create | Villager (Male) |
| 23:47 | Build | Farm |
| 23:48 | Build | Farm |
| 23:48 | Build | Farm |
| 23:48 | Build | Farm |
| 23:49 | Build | Farm |
| 23:49 | Build | Farm |
| 23:49 | Build | Farm |
| 23:53 | Create | Monk |
| 24:08 | Create | Villager (Male) |
| 24:08 | Create | Villager (Male) |
| 24:08 | Create | Villager (Male) |
Build order — LordWhile
First 150 of 360 actions detected
| 0:04 | Create | Villager (Male) ×5 |
| 0:09 | Build | House |
| 0:10 | Build | House |
| 0:13 | Build | House |
| 1:19 | Research | Loom |
| 1:45 | Create | Villager (Male) |
| 1:45 | Create | Villager (Male) |
| 2:15 | Create | Villager (Male) |
| 2:15 | Research | Loom |
| 2:38 | Create | Villager (Male) |
| 2:38 | Create | Villager (Male) |
| 2:41 | Research | Loom |
| 3:14 | Create | Villager (Male) |
| 3:15 | Create | Villager (Male) |
| 3:42 | Create | Villager (Male) |
| 3:42 | Create | Villager (Male) |
| 3:43 | Create | Villager (Male) |
| 4:20 | Create | Villager (Male) |
| 4:21 | Create | Villager (Male) |
| 4:56 | Build | Lumber Camp |
| 5:06 | Create | Villager (Male) |
| 5:06 | Create | Villager (Male) |
| 5:12 | Build | House |
| 6:00 | Build | Mill |
| 6:04 | Create | Villager (Male) |
| 6:04 | Create | Villager (Male) |
| 6:04 | Create | Villager (Male) |
| 6:04 | Create | Villager (Male) |
| 6:33 | Build | Mill |
| 7:01 | Build | House |
| 7:05 | Create | Villager (Male) |
| 7:05 | Create | Villager (Male) |
| 7:50 | Create | Villager (Male) |
| 7:50 | Create | Villager (Male) |
| 8:35 | Create | Villager (Male) |
| 8:35 | Create | Villager (Male) |
| 8:35 | Create | Villager (Male) |
| 8:36 | Create | Villager (Male) |
| 9:31 | Build | Mining Camp |
| 9:58 | Build | Farm |
| 9:59 | Build | Farm |
| 10:00 | Build | Farm |
| 10:01 | Build | Farm |
| 10:02 | Build | Farm |
| 10:27 | Research | Feudal Age |
| 11:01 | Build | Farm |
| 11:04 | Create | Villager (Male) |
| 11:04 | Create | Villager (Male) |
| 11:23 | Build | House |
| 12:11 | Build | House |
| 12:31 | Age | Feudal Age |
| 13:05 | Build | Market |
| 13:18 | Create | Villager (Male) |
| 13:18 | Create | Villager (Male) |
| 13:18 | Create | Villager (Male) |
| 13:24 | Build | Blacksmith |
| 13:57 | Build | House |
| 14:01 | Build | House |
| 14:02 | Build | House |
| 14:06 | Create | Villager (Male) |
| 14:44 | Research | Castle Age |
| 14:54 | Build | Farm |
| 14:55 | Build | Farm |
| 14:57 | Build | Farm |
| 15:00 | Build | Farm |
| 15:02 | Build | Farm |
| 15:24 | Build | House |
| 15:31 | Research | Double-Bit Axe |
| 15:34 | Research | Gold Mining |
| 15:37 | Research | Horse Collar |
| 15:49 | Create | Villager (Male) |
| 15:50 | Create | Villager (Male) |
| 15:50 | Create | Villager (Male) |
| 16:23 | Research | Stone Mining |
| 17:14 | Age | Castle Age |
| 17:18 | Build | Town Center |
| 17:20 | Research | Bow Saw |
| 17:52 | Create | Villager (Male) |
| 18:04 | Build | Town Center |
| 18:22 | Create | Villager (Male) |
| 18:22 | Create | Villager (Male) |
| 18:35 | Research | Wheelbarrow |
| 18:48 | Create | Villager (Male) |
| 19:09 | Create | Villager (Male) |
| 19:32 | Build | Farm |
| 19:39 | Create | Villager (Male) |
| 19:39 | Create | Villager (Male) |
| 19:49 | Build | Farm |
| 19:51 | Build | Farm |
| 19:53 | Build | Farm |
| 19:56 | Build | Farm |
| 19:57 | Build | Farm |
| 20:08 | Build | Farm |
| 20:10 | Create | Villager (Male) |
| 20:10 | Create | Villager (Male) |
| 20:11 | Create | Villager (Male) |
| 20:12 | Create | Villager (Male) |
| 20:12 | Create | Villager (Male) |
| 20:12 | Create | Villager (Male) |
| 20:24 | Build | Barracks |
| 20:37 | Build | Monastery |
| 20:41 | Build | House |
| 20:42 | Build | House |
| 21:00 | Build | Farm |
| 21:01 | Create | Villager (Male) |
| 21:01 | Create | Villager (Male) |
| 21:02 | Create | Villager (Male) |
| 21:02 | Create | Villager (Male) |
| 21:21 | Create | Monk |
| 21:21 | Create | Monk |
| 21:26 | Create | Villager (Male) |
| 21:26 | Create | Villager (Male) |
| 21:27 | Create | Villager (Male) |
| 21:27 | Create | Villager (Male) |
| 21:37 | Build | Farm |
| 21:40 | Create | Villager (Male) |
| 21:40 | Create | Villager (Male) |
| 21:40 | Create | Villager (Male) |
| 21:53 | Build | Farm |
| 22:12 | Build | Farm |
| 22:15 | Create | Villager (Male) |
| 22:15 | Create | Villager (Male) |
| 22:17 | Create | Villager (Male) |
| 22:17 | Create | Villager (Male) |
| 22:24 | Build | Lumber Camp |
| 22:33 | Build | Stable |
| 22:44 | Build | Farm |
| 22:53 | Build | House |
| 22:55 | Build | House |
| 23:00 | Build | House |
| 23:02 | Build | House |
| 23:04 | Create | Villager (Male) |
| 23:04 | Create | Villager (Male) |
| 23:14 | Create | Monk |
| 23:18 | Build | Farm |
| 23:19 | Build | Farm |
| 23:23 | Create | Villager (Male) |
| 23:23 | Create | Villager (Male) |
| 23:23 | Create | Villager (Male) |
| 23:23 | Create | Villager (Male) |
| 23:24 | Create | Villager (Male) |
| 23:36 | Build | Farm |
| 23:37 | Build | Farm |
| 23:48 | Build | Mill |
| 23:54 | Create | Villager (Male) |
| 23:54 | Create | Villager (Male) |
| 23:54 | Create | Villager (Male) |
| 23:54 | Create | Villager (Male) |
| 24:17 | Build | Stable |
| 24:41 | Create | Camel Scout |
Match timeline
| 1:59 | dl_king · wall_segment Palisade Wall x18 |
| 3:49 | thomas shelby · wall_segment Palisade Wall x5 |
| 4:13 | Pineapple · wall_segment Palisade Wall x3 |
| 5:51 | PL-Maciej · wall_segment Palisade Wall x16 |
| 6:14 | thomas shelby · wall_segment Palisade Wall x1 |
| 6:48 | Pineapple · wall_segment Palisade Wall x2 |
| 6:59 | Pineapple · wall_segment Palisade Wall x1 |
| 9:27 | ILLusi0n · first_building Barracks |
| 10:34 | thomas shelby · wall_segment Palisade Wall x8 |
| 11:49 | Yoryi · age_up feudal |
| 12:31 | LordWhile · age_up feudal |
| 12:56 | ILLusi0n · age_up feudal |
| 12:58 | thomas shelby · age_up feudal |
| 13:03 | dl_king · age_up feudal |
| 13:03 | Can · age_up feudal |
| 13:23 | dl_king · wall_segment Stone Wall x10 |
| 13:25 | dl_king · wall_segment Stone Wall x13 |
| 13:49 | Pineapple · age_up feudal |
| 13:49 | Pineapple · first_building Barracks |
| 13:57 | Pineapple · wall_segment Stone Wall x6 |
| 14:04 | PL-Maciej · age_up feudal |
| 14:23 | dl_king · first_market_sell 100 food |
| 14:42 | dl_king · wall_segment Stone Wall x3 |
| 14:43 | dl_king · wall_segment Stone Wall x1 |
| 14:46 | dl_king · wall_segment Stone Wall x1 |
| 14:47 | dl_king · wall_segment Stone Wall x1 |
| 14:49 | dl_king · wall_segment Stone Wall x3 |
| 14:59 | Pineapple · first_building Stable |
| 15:23 | Yoryi · age_up castle |
| 15:24 | PL-Maciej · first_market_sell 100 stone |
| 15:52 | ILLusi0n · first_building Stable |
| 17:04 | dl_king · age_up castle |
| 17:14 | LordWhile · age_up castle |
| 17:25 | Can · age_up castle |
| 17:28 | Can · first_building Monastery |
| 18:52 | thomas shelby · age_up castle |
| 19:00 | ILLusi0n · age_up castle |
| 19:31 | PL-Maciej · age_up castle |
| 19:34 | Can · first_building Siege Workshop |
| 19:49 | thomas shelby · first_building Castle |
| 20:20 | Pineapple · wall_segment Stone Wall x6 |
| 20:20 | thomas shelby · wall_segment Palisade Wall x1 |
| 20:24 | LordWhile · first_building Barracks |
| 20:25 | thomas shelby · wall_segment Palisade Wall x1 |
| 20:34 | Pineapple · age_up castle |
| 20:37 | Can · first_market_sell 100 stone |
| 20:37 | LordWhile · first_building Monastery |
| 20:47 | Pineapple · wall_segment Stone Wall x6 |
| 20:56 | Can · first_market_buy 100 food |
| 21:41 | Pineapple · wall_segment Stone Wall x1 |
| 21:47 | PL-Maciej · first_building Monastery |
| 22:09 | Can · first_building Barracks |
| 22:27 | thomas shelby · first_building Siege Workshop |
| 22:33 | LordWhile · first_building Stable |
| 22:57 | Yoryi · first_building Barracks |
| 23:11 | Pineapple · wall_segment Stone Wall x8 |
| 23:17 | Can · first_building Archery Range |
| 24:18 | Can · age_up imperial |
| 24:21 | Can · wall_segment Palisade Wall x1 |
| 24:22 | Yoryi · first_building Archery Range |
| 24:22 | Can · wall_segment Palisade Wall x1 |
| 24:29 | Pineapple · first_building Castle |
| 24:38 | PL-Maciej · first_building Siege Workshop |
| 25:05 | LordWhile · first_building Castle |
| 25:24 | thomas shelby · wall_segment Stone Wall x12 |
| 25:27 | Can · wall_segment Stone Wall x5 |
| 25:27 | Can · wall_segment Stone Wall x1 |
| 25:27 | Can · wall_segment Stone Wall x1 |
| 25:30 | Yoryi · first_building Stable |
| 25:38 | PL-Maciej · first_building Barracks |
| 25:46 | Yoryi · first_building Monastery |
| 26:02 | dl_king · first_building Siege Workshop |
| 26:14 | dl_king · first_building Castle |
| 26:37 | LordWhile · wall_segment Stone Wall x6 |
| 27:20 | Pineapple · first_building Siege Workshop |
| 27:37 | Yoryi · first_building Castle |
| 27:48 | LordWhile · first_building Siege Workshop |
| 28:05 | PL-Maciej · first_building Castle |
| 30:00 | LordWhile · first_market_buy 100 stone |
| 30:25 | LordWhile · age_up imperial |
| 31:03 | Can · wall_segment Stone Wall x1 |
| 31:40 | Yoryi · age_up imperial |
| 31:51 | ILLusi0n · first_building Monastery |
| 32:12 | dl_king · wall_segment Stone Wall x9 |
| 33:04 | ILLusi0n · first_building Castle |
| 33:10 | ILLusi0n · first_building Siege Workshop |
| 33:40 | dl_king · age_up imperial |
| 33:57 | PL-Maciej · first_building Stable |
| 34:15 | thomas shelby · first_market_buy 100 stone |
| 34:21 | ILLusi0n · first_building Archery Range |
| 35:28 | ILLusi0n · age_up imperial |
| 35:34 | thomas shelby · first_market_sell 100 wood |
| 36:15 | PL-Maciej · age_up imperial |
| 37:23 | thomas shelby · first_building Barracks |
| 38:02 | thomas shelby · resign |
| 38:29 | Pineapple · wall_segment Stone Wall x15 |
| 38:33 | ILLusi0n · first_market_buy 500 wood |
| 44:13 | Pineapple · age_up imperial |
[ AI ANALYSIS · 1 CREDIT ]
What really happened in this match?
Wolo.gg analyzes every decision: build order, eco, micro, common mistakes by bracket. Personalized analysis on WhatsApp or Discord in 30 seconds.
Civ guide
Mongols
Map guide
Black Forest
Perfil
Jugador #10311321